 Dungeon Crawl Stone Soup version 0.21-a0-552-g593960d (webtiles) character file.

16 tidbits the Insei (level 2, -1/23 HPs)
             Began as a Gnoll Transmuter on Dec 17, 2017.
             Slain by a wyvern zombie (6 damage)
             ... on level 2 of the Dungeon.
             The game lasted 00:01:08 (119 turns).

tidbits the Insei (Gnoll Transmuter)                 Turns: 119, Time: 00:01:08

Health: -1/23      AC:  2    Str: 12    XL:     2   Next: 58%
Magic:  3/7        EV: 14    Int: 15    God:
Gold:   31         SH:  4    Dex: 15    Spells: 7/10 levels left

rFire    . . .     SeeInvis .     - Unarmed
rCold    . . .     Gourm    .   C - +0 buckler
rNeg     . . .     Faith    .   b - +0 robe
rPois    .         Spirit   .   (no helmet)
rElec    .         Reflect  .   (no cloak)
rCorr    .         Harm     .   (no gloves)
MR       .....                  (no boots)
Stlth    ++........             (no amulet)
HPRegen  0.07/turn              (no ring)
MPRegen  0.10/turn              (no ring)

@: appendage
A: distributed training, fangs 1, horns 2, strong nose
a: End Transformation


You were on level 2 of the Dungeon.
You were not hungry.
You had grown temporary horns.
You visited 1 branch of the dungeon, and saw 2 of its levels.

You collected 31 gold pieces.

Inventory:

Missiles
 a - 10 arrows
 e - 3 tomahawks (quivered)
Armour
 b - a +0 robe (worn)
 C - a +0 buckler (worn)
Books
 c - a book of Changes

   Spells                             Type                      Level
   a - Beastly Appendage              Transmutation                1
   b - Sticks to Snakes               Transmutation                2
   c - Spider Form                    Transmutation/Poison         3
   d - Ice Form                       Ice/Transmutation            4
   e - Blade Hands                    Transmutation                5
Comestibles
 d - a bread ration


   Skills:
 + Level 2.5 Fighting
 + Level 0.4 Short Blades
 + Level 0.4 Long Blades
 + Level 0.4 Axes
 + Level 0.4 Maces & Flails
 + Level 0.4 Polearms
 + Level 0.4 Staves
 + Level 0.4 Slings
 + Level 0.4 Bows
 + Level 0.4 Crossbows
 + Level 0.4 Throwing
 + Level 0.4 Armour
 + Level 4.5 Dodging
 + Level 0.4 Stealth
 + Level 0.4 Shields
 + Level 6.5 Unarmed Combat
 + Level 4.9 Spellcasting
 + Level 0.2 Conjurations
 + Level 0.2 Hexes
 + Level 0.2 Charms
 + Level 0.2 Summonings
 + Level 0.2 Necromancy
 + Level 0.2 Translocations
 + Level 3.7 Transmutations
 + Level 0.2 Fire Magic
 + Level 0.2 Ice Magic
 + Level 0.2 Air Magic
 + Level 0.2 Earth Magic
 + Level 0.2 Poison Magic
 + Level 0.5 Invocations
 + Level 0.4 Evocations


You had 7 spell levels left.
You knew the following spells:

 Your Spells              Type           Power        Failure   Level  Hunger
e - Beastly Appendage     Tmut           ##....       5%          1    None
k - Sticks to Snakes      Tmut           ##......     9%          2    ##.....


Dungeon Overview and Level Annotations

Branches:
Dungeon (2/15)

Altars:


Innate Abilities, Weirdness & Mutations

Your experience applies equally to all skills.
You have very sharp teeth.
Your uncanny sense of smell can sniff out nearby items.
You have a pair of horns on your head.


Message History

Found 15 gold pieces.
Your transformation is almost over.
You now have 31 gold pieces (gained 15).
A leopard gecko and an adder come into view.
An adder comes into view.
A goblin comes into view.
Your horns disappear.
The adder hisses angrily.
Found an inky potion.
A kobold comes into view.
Casting: Beastly Appendage
Confirm with . or Enter, or press ? or * to list all spells.
You miscast Beastly Appendage.
You are very lightly contaminated with residual magic.
Nothing appears to happen.
Casting: Beastly Appendage
Confirm with . or Enter, or press ? or * to list all spells.
You grow a pair of large bovine horns.
You block the leopard gecko's attack.
You barely miss the leopard gecko. You headbutt the leopard gecko.
The leopard gecko is moderately wounded.
The leopard gecko bites you.
The leopard gecko bites you but does no damage.
Casting: Beastly Appendage
Confirm with . or Enter, or press ? or * to list all spells.
You create a snake!
You now have 11 arrows.
The leopard gecko barely misses you.
You barely miss the leopard gecko.
The leopard gecko bites you but does no damage.
You hit the leopard gecko.
The leopard gecko is moderately wounded.
Your transformation is almost over.
The leopard gecko misses you.
You punch the leopard gecko!
You kill the leopard gecko!
You miss the adder. Your headbutt misses the adder. Your bite misses the adder.
The adder bites you.
Your ball python closely misses the adder.
Your ball python grabs the adder.
Your ball python constricts the adder.
You barely miss the adder.
The adder is lightly wounded.
The adder barely misses you.
Your ball python bites the adder.
Your ball python constricts the adder.
The adder bites you.
You punch the adder!
You headbutt the adder, but do no damage.
The adder is almost dead.
Your ball python barely misses the adder.
Your ball python constricts the adder.
The adder dies!
An adder comes into view.
You swap places.
Your horns disappear.
Your magical contamination has completely faded away.
A wyvern zombie comes into view.
Casting: Sticks to Snakes
Confirm with . or Enter, or press ? or * to list all spells.
You create a snake!
You now have 10 arrows.
The adder barely misses your ball python.
The wyvern zombie barely misses you.
The adder barely misses your ball python.
Your ball python bites the adder but does no damage.
Your ball python grabs the adder.
Your ball python constricts the adder.
Casting: Sticks to Snakes
Confirm with . or Enter, or press ? or * to list all spells.
You grow a pair of large bovine horns.
The adder completely misses your ball python.
The wyvern zombie barely misses you.
Your ball python barely misses the adder.
Your ball python constricts the adder.
The adder bites your ball python.
Your ball python dies!
The wyvern zombie misses you. Something bites your ball python.
Your ball python is poisoned.
Something poisons your ball python!
Your ball python bites the wyvern zombie.
You punch the wyvern zombie! You headbutt the wyvern zombie!
The wyvern zombie is heavily damaged.
Your ball python dies!
The wyvern zombie bites you.
You completely miss the wyvern zombie.
The wyvern zombie is heavily damaged.
The wyvern zombie bites you.
* * * LOW HITPOINT WARNING * * *
You aren't carrying any potions.
Unknown command.
You aren't carrying any items that you can evoke.
Unknown command.
Okay, then.
You hit the wyvern zombie. Your headbutt misses the wyvern zombie.
The wyvern zombie is severely damaged.
The wyvern zombie bites you.
* * * LOW HITPOINT WARNING * * *
You barely miss the wyvern zombie. You headbutt the wyvern zombie.
The wyvern zombie is severely damaged.
You block the wyvern zombie's attack. The wyvern zombie bites you.
* * * LOW HITPOINT WARNING * * *
You hit the wyvern zombie.
The wyvern zombie is severely damaged.
The wyvern zombie bites you.
You die...

############.####†## ...
#. ...#
#...r..............#
..##.
...###.##########.####..#
.... .....#.# ### #..# .K
..! .....#.### .... ...
S. g....#...# #..#
....##. ...# ###.# #..#
.......#...# #.# #..#
...#...## #@# ..#
.#.....#######Z###
#..............S..#
#.......#######.#.#
....#...## #.#.#
....##... #.... ### ##.#
#.#.#. ..# ....... ##
#.#.#...


You could see an adder and a wyvern zombie.

Vanquished Creatures
  A dart slug (D:1)
  A leopard gecko (D:2)
  A bat (D:2)
  A hobgoblin (D:1)
  2 rats
6 creatures vanquished.

Vanquished Creatures (collateral kills)
  An adder (D:2)
1 creature vanquished.

Grand Total: 7 creatures vanquished

Notes
Turn   | Place    | Note
-------+----------+-------------------------------------------
     0 | D:1      | tidbits the Gnoll Transmuter began the quest for the Orb.
     0 | D:1      | Reached XP level 1. HP: 17/17 MP: 6/6
    61 | D:2      | Reached XP level 2. HP: 20/23 MP: 5/7
    65 | D:2      | Learned a level 2 spell: Sticks to Snakes
   119 | D:2      | Slain by a wyvern zombie

Vault maps used:
D:1:      lightli_iron_boxes
D:2:      grunt_temple_overflow_forces_of_nature

Action                   || total
-------------------------++-------
Melee: Unarmed           ||    21
       Headbutt          ||     5
       Bite              ||     1
 Cast: Beastly Appendage ||     5
       Sticks to Snakes  ||     2
 Stab: Sleeping          ||     2
Armor: Robe              ||     2
Dodge: Dodged            ||    10
Block: Buckler           ||     2

Table legend:
 A = Spawn XP
 B = Non-spawn XP
 C = Spawn XP percentage of total XP
 D = Spawn monster count
 E = Non-spawn monster count
 F = Spawn count percentage of total count
 G = Total turns spent on level
                    A         B        C        D         E        F      G
               +---------+---------+-------+---------+---------+-------+---------
         Total |       0 |      24 |   0.0 |       0 |       7 |   0.0 |   119
               +---------+---------+-------+---------+---------+-------+---------
           D:1 |       0 |       7 |   0.0 |       0 |       3 |   0.0 |    35
           D:2 |       0 |      17 |   0.0 |       0 |       4 |   0.0 |    84
               +---------+---------+-------+---------+---------+-------+---------

Table legend:
 A = Turns spent in this place as a percentage of turns spent in the entire game.
 B = Non-inter-level travel turns spent in this place as a percentage of non-inter-level travel turns spent in the entire game.
 C = Inter-level travel turns spent in this place as a percentage of turns spent in this place.
 D = Turns resting spent in this place as a percentage of non-inter-level travel turns spent in this place.
 E = Turns spent auto-exploring this place as a percentage of non-inter-level travel turns spent in this place.
 F = Non-inter-level travel turns spent in this place divided by the number of levels of this place that you've seen.
                   A       B       C       D       E      F
               +-------+-------+-------+-------+-------+----------------------
         Total | 100.0 | 100.0 |   0.0 |   0.0 |   0.0 |  59.5
       Dungeon | 100.0 | 100.0 |   0.0 |   0.0 |   0.0 |  59.5
               +-------+-------+-------+-------+-------+----------------------

Table legend:
 A = Kills in this place as a percentage of kills in entire the game.
 B = Kills by you in this place as a percentage of kills by you in the entire game.
 C = Kills by friends in this place as a percentage of kills by friends in the entire game.
 D = Other kills in this place as a percentage of other kills in the entire game.
 E = Experience gained in this place as a percentage of experience gained in the entire game.
 F = Experience gained in this place divided by the number of levels of this place that you have seen.
                   A       B       C       D       E      F
               +-------+-------+-------+-------+-------+----------------------
         Total | 100.0 | 100.0 | 100.0 |   N/A | 100.0 |  12.0
       Dungeon | 100.0 | 100.0 | 100.0 |   N/A | 100.0 |  12.0
               +-------+-------+-------+-------+-------+----------------------

Vault maps used:
D:1:      lightli_iron_boxes
D:2:      grunt_temple_overflow_forces_of_nature
